 Dungeon Crawl Stone Soup version 0.14-a0-770-g009d3a2 (webtiles) character file.

837 Toc the Cudgeler (level 7, -2/45 HPs)
             Began as a Formicid Hunter on Nov 9, 2013.
             Was an Initiate of Okawaru.
             Succumbed to a kobold's poison
             ... in a sewer.
             The game lasted 00:15:02 (4733 turns).

Toc the Cudgeler (Formicid Hunter)                  Turns: 4733, Time: 00:15:03

HP  -2/45        AC  7     Str 18      XL: 7   Next: 88%
MP   6/6         EV 10     Int 10      God: Okawaru [......]
Gold 170         SH  0     Dex 12      Spells:  0 memorised,  6 levels left

Res.Fire  : . . .   See Invis. : .   i - +1,+0 mace
Res.Cold  : . . .   Warding    : .   n - +0 ring mail (curse)
Life Prot.: . . .   Conserve   : .   (no shield)
Res.Poison: x       Res.Corr.  : .   (helmet restricted)
Res.Elec. : .       Clarity    : .   (no cloak)
Sust.Abil.: . .     Spirit.Shd : .   q - +0 pair of gloves
Res.Mut.  : .       Stasis     : +   (no boots)
Res.Rott. : .       Flight     : .   k - amulet of faith
Saprovore : . . .                    (no ring)
                                     (no ring)

@: very poisoned, slightly resistant to hostile enchantments, very unstealthy
A: permanent stasis, dig shafts and tunnels, four strong arms, poison weakness,
antennae 1, exoskeleton 1
a: Dig, Shaft Self, Renounce Religion


You were in a sewer.
You worshipped Okawaru.
Okawaru was noncommittal.
You were hungry.

You visited 2 branches of the dungeon, and saw 5 of its levels.
You also visited: Sewer.

You collected 170 gold pieces.

Inventory:

Hand weapons
 a - a +1,+1 short sword
 i - a +1,+0 mace (weapon)
 l - a +2,+0 elven whip
 o - a +0,+2 orcish dagger of speed
 y - a +0,-3 whip
Missiles
 b - a throwing net [falling apart]
 c - a throwing net
 p - 2 exploding darts
 x - 4 large rocks (quivered)
Armour
 d - a +0 leather armour
 n - a cursed +0 ring mail (worn)
 q - a +0 pair of gloves (worn)
Comestibles
 f - 2 bread rations
 g - a rotting chunk of orc flesh
 j - 4 meat rations
 m - a honeycomb
 t - 14 strawberries
 u - an apple
 B - a pear
Scrolls
 e - 2 scrolls of enchant weapon II
 h - a scroll of random uselessness {unknown}
 r - 4 scrolls of recharging
 s - a scroll of fog
 v - a scroll of curse weapon {unknown}
 A - a scroll of curse jewellery
Jewellery
 k - an amulet of faith (around neck)
Potions
 z - a potion of berserk rage


   Skills:
 - Level 2.1 Fighting
 - Level 1.1 Short Blades
 + Level 7.6 Maces & Flails
 - Level 3.2 Throwing
 - Level 0.5 Armour
 - Level 2.4 Dodging
 - Level 1.2 Stealth


You had 6 spell levels left.
You didn't know any spells.

Dungeon Overview and Level Annotations

Branches:
Dungeon (4/27)             Temple (1/1) D:4

Altars:
Ashenzari
Elyvilon
Fedhas
Kikubaaqudgha
Makhleb
Nemelex Xobeh
Okawaru
Sif Muna
Trog
Vehumet
Xom
Zin

Annotations:
D:1 Terence


Innate Abilities, Weirdness & Mutations

Your are under a permanent stasis effect.
You can dig through walls and to a lower floor.
Your four strong arms can wield any weapon, most with a shield.
You are susceptible to poison.
You have a pair of small antennae on your head.
Your body is surrounded by an exoskeleton. (HP +5, AC +1)


Message History

You start resting.
* * * LOW HITPOINT WARNING * * *
You feel sick.
You start resting.
* * * LOW HITPOINT WARNING * * *
You feel very sick.
You start resting.
* * * LOW HITPOINT WARNING * * *
You feel sick.
You start resting.
* * * LOW HITPOINT WARNING * * *
You feel very sick.
You start resting.
* * * LOW HITPOINT WARNING * * *
You feel very sick.
You start resting.
* * * LOW HITPOINT WARNING * * *
You feel very sick.
You start resting.
You die...

##########)PP#
##≈≈...# ##..≈...#
#####..≈≈.### #
##.≈((....≈#
≈≈##≈#...≈#;#≈...#
.≈.≈≈.≈.(.#≈#.....#
≈≈.≈≈...≈≈#≈#.≈≈PP#
..≈.P..≈@#≈#.≈P.P#
...≈#≈#..#≈#.PPP.#
... #≈#########..#
≈ #≈ ≈.# #


There were no monsters in sight!

Vanquished Creatures
  Menkaure (D:4)
  A phantom (D:4)
  A centaur (D:3)
  Sigmund (D:2)
  A big fish (D:4)
  An iguana (D:4)
  4 orc wizards (D:4)
  5 adders
  A giant mite (D:2)
  A worm (D:4)
  5 giant geckos
  15 orcs
  2 ball pythons
  2 giant cockroaches
  6 hobgoblins
  2 jackals (D:1)
  7 bats
  2 giant newts
  9 goblins
  14 kobolds
  2 quokkas
  10 rats
  A rat skeleton (D:4)
  A plant (Sewer)
95 creatures vanquished.

Notes
Turn   | Place    | Note
--------------------------------------------------------------
     0 | D:1      | Toc, the Formicid Hunter, began the quest for the Orb.
     0 | D:1      | Reached XP level 1. HP: 17/17 MP: 0/0
   153 | D:1      | Found a shimmering altar of Xom.
   154 | D:1      | Found a shimmering altar of Xom.
   156 | D:1      | Found a shimmering altar of Xom.
   156 | D:1      | Found a shimmering altar of Xom.
   156 | D:1      | Found a shimmering altar of Xom.
   156 | D:1      | Found a shimmering altar of Xom.
   157 | D:1      | Found a shimmering altar of Xom.
   157 | D:1      | Found a shimmering altar of Xom.
   278 | D:1      | Reached XP level 2. HP: 22/22 MP: 1/1
  1141 | D:2      | Noticed Sigmund
  1146 | D:2      | Killed Sigmund
  1146 | D:2      | Reached XP level 3. HP: 14/26 MP: 2/2
  1146 | D:2      | Reached XP level 4. HP: 17/32 MP: 3/3
  1259 | D:2      | Reached XP level 5. HP: 27/36 MP: 4/4
  1501 | D:2      | Noticed Terence
  1609 | D:1      | You fall through a shaft!
  2571 | D:3      | Reached skill level 4 in Maces & Flails
  3264 | D:3      | Noticed a centaur
  3269 | D:3      | Killed a centaur
  3269 | D:3      | Reached skill level 5 in Maces & Flails
  3269 | D:3      | Reached XP level 6. HP: 27/41 MP: 5/5
  3658 | D:4      | Reached skill level 6 in Maces & Flails
  3658 | D:4      | Reached XP level 7. HP: 15/45 MP: 6/6
  3969 | D:4      | Noticed Menkaure
  3983 | D:4      | Killed Menkaure
  3983 | D:4      | Reached skill level 7 in Maces & Flails
  4022 | D:4      | Found a staircase to the Ecumenical Temple.
  4029 | Temple   | Entered the Ecumenical Temple
  4227 | Temple   | Became a worshipper of Warmaster Okawaru
  4505 | D:4      | Found a glowing drain.
  4632 | Sewer    | Entered a sewer
  4732 | Sewer    | HP: 1/45 [poisoned by a kobold]
  4733 | Sewer    | Succumbed to a kobold's poison

Action                   |  1- 3 |  4- 6 |  7- 9 || total
-------------------------+-------+-------+-------++-------
Melee: Short sword       |    66 |       |       ||    66
       Whip              |     1 |    57 |       ||    58
       Mace              |       |   137 |    79 ||   216
       Dagger            |       |    17 |       ||    17
Throw: Large rock        |     3 |    20 |    13 ||    36
       Throwing net      |       |     2 |     3 ||     5
 Abil: Shaft Self        |       |     1 |       ||     1
  Use: Scroll            |     4 |     4 |     2 ||    10
       Potion            |       |     5 |     2 ||     7
 Stab: Distracted        |     1 |       |       ||     1
       Sleeping          |     1 |       |       ||     1
       Held in net/web   |       |     2 |       ||     2
